 Dungeon Crawl Stone Soup version 0.30-a0-1016-gfb0d676c02 (webtiles) character file.

Game seed: 9268469600544912400

35 Newt the Trooper (level 3, 0/30 HPs)
             Began as a Demonspawn Gladiator on Apr 6, 2023.
             Slain by an orc
             ... wielding a +0 flail
              (5 damage)
             ... on level 2 of the Dungeon.
             The game lasted 00:01:01 (1140 turns).

Newt the Trooper (Demonspawn Gladiator)             Turns: 1140, Time: 00:01:01

Health: 0/30       AC:  4    Str: 16    XL:     3   Next: 16%
Magic:  3/3        EV: 12    Int:  9    God:
Gold:   48         SH:  0    Dex: 14    Spells: 2/2 levels left

rFire   . . .      SeeInvis .    a - +0 rapier
rCold   . . .      Faith    .    (no shield)
rNeg    . . .      Spirit   .    b - +0 leather armour
rPois   .          Reflect  .    c - +0 helmet
rElec   .          Rampage  .    (no cloak)
rCorr   .                        (no gloves)
Will    .....                    (no boots)
Stlth   +                        (no amulet)
HPRegen 0.25/turn                (no ring)
MPRegen 0.08/turn                (no ring)

@: hasted, very quick
A: claws 2
a: no special abilities


You were on level 2 of the Dungeon.
You visited 1 branch of the dungeon, and saw 2 of its levels.

You collected 48 gold pieces.

Inventory:

Hand Weapons
 a - a +0 rapier (weapon)
Missiles
 d - 2 throwing nets
 e - a javelin
 h - 15 stones (quivered)
Armour
 b - a +0 leather armour (worn)
 c - a +0 helmet (worn)
Jewellery
 f - a ring of magical power
Potions
 g - a potion of haste
 i - 2 potions of brilliance {unknown}
 j - a potion of curing {unknown}
 k - a potion of degeneration {unknown}
 l - a potion of flight {unknown}


   Skills:
 + Level 3.6 Fighting
 - Level 2.6 Short Blades
 - Level 1.7 Throwing
 - Level 2.6 Dodging


You had 2 spell levels left.
You didn't know any spells.
Your spell library was empty.

Dungeon Overview and Level Annotations

Branches:
Dungeon (2/15)

Altars:


Innate Abilities, Weirdness & Mutations

You have very sharp fingernails.


Message History

You are too injured to fight recklessly!
There are monsters nearby!
Unknown command.
Throw: 3 throwing nets
Press: ? - help, Shift-Dir - straight line, f - orc priest
Aim: an orc priest, wielding a +0 club (59% to hit)
You throw a throwing net. The throwing net hits the orc priest.
The orc priest is caught in the net!
The orc hits you with a +0 flail.
The orc priest struggles against the net.
You puncture the orc priest!
The orc priest is heavily wounded.
The orc closely misses you.
The orc priest looks encouraged for a moment.
The orc priest struggles against the net.
You hit the orc priest.
The orc priest is heavily wounded.
The orc hits you with a +0 flail.
* * * LOW HITPOINT WARNING * * *
You hit the orc priest.
The orc priest is severely wounded.
The orc hits you with a +0 flail.
* * * LOW HITPOINT WARNING * * *
The orc priest looks braver for a moment.
The orc priest struggles against the net.
Unknown command.
It was a potion of haste.
You feel yourself speed up. The orc barely misses you.
Unknown command.
Okay, then.
You catch the helpless orc priest completely off-guard!
You hit the orc priest.
The orc priest is almost dead.
The orc closely misses you.
The orc priest struggles against the net.
Unknown command.
You hit the orc priest.
The orc priest is almost dead.
The orc hits you with a +0 flail.
You die...

##.. .# #... ..# ... ..#
.. <.# #. #.#
#.###.#####.
#.##.o.........
###.#...o@)..# #.
....#.######.# ...
...#.#### #.#
.#..###.#....# #.###
...........##.# #...#
##.#..#.....##.# #.#.#
.............#.# #.#.##
#..............# #....#
##..#.###.#...#.#####..#


You could see an orc priest (caught) and an orc.

Vanquished Creatures
  An orc (D:2)
  3 ball pythons
  4 endoplasms (D:1)
  A giant cockroach (D:2)
  A goblin (D:2)
  4 hobgoblins (D:1)
  3 jackals (D:1)
  3 kobolds
  3 quokkas (D:1)
  2 bats (D:2)
  A frilled lizard (D:1)
26 creatures vanquished.

Notes
Turn   | Place    | Note
-------+----------+-------------------------------------------
     0 | D:1      | Newt the Demonspawn Gladiator began the quest for the Orb.
     0 | D:1      | Reached XP level 1. HP: 16/16 MP: 1/1
   257 | D:1      | Discovered your monstrous ancestry.
   257 | D:1      | Gained mutation: You have sharp fingernails. [demonic
                  | ancestry]
   257 | D:1      | Reached XP level 2. HP: 21/23 MP: 2/2
   378 | D:1      | Reached skill level 3 in Fighting
  1055 | D:2      | Gained mutation: You have very sharp fingernails. [demonic
                  | ancestry]
  1055 | D:2      | Reached XP level 3. HP: 29/29 MP: 3/3
  1140 | D:2      | Slain by an orc

Illustrated notes

Levels and vault maps discovered:
D:1:      dpeg_arrival_pits, layout_basic, corexii_leaking_fountain
D:2:      layout_loops_ring, minmay_surrounded

Skill      XL: |  1  2 |
---------------+-------+-----
Fighting       | 3 |  3.6
Short Blades   | |  2.6
Throwing       | |  1.7
Dodging        | |  2.6

Action                     || total
---------------------------++-------
  Melee: Rapier            ||   104
         Punch             ||     1
  Throw: Throwing net      ||     1
    Use: Scroll            ||     1
         Potion            ||     1
   Stab: Held in net/web   ||     1
 Armour: Leather armour    ||    30
  Dodge: Dodged            ||    84

Table legend: (Time is in decaauts)
 A = Elapsed time spent in this place.
 B = Non-inter-level travel time spent in this place.
 C = Inter-level travel time spent in this place.
 D = Time resting spent in this place.
 E = Time spent auto-exploring this place.
 F = Levels seen in this place.
 G = Mean time per level.
                   A        B        C        D        E       F      G
               +--------+--------+--------+--------+--------+-----+--------+
         Total |   1147 |   1141 |      6 |    303 |    638 |   2 |  573.5 |
       Dungeon |   1147 |   1141 |      6 |    303 |    638 |   2 |  573.5 |
               +--------+--------+--------+--------+--------+-----+--------+

Top non-repeatable levels by time:
     D:1: 1043 daAuts
     D:2: 104 daAuts
